 Dungeon Crawl Stone Soup version 0.22-a0-355-g201945f (webtiles) character file.

5285 Nib the Covert (level 10, -2/69 HPs)
             Began as an Octopode Assassin on Apr 17, 2018.
             Was an Initiate of Gozag.
             Slain by a two-headed ogre
             ... wielding a +0 giant club
              (16 damage)
             ... on level 9 of the Dungeon.
             The game lasted 00:26:23 (10136 turns).

Nib the Covert (Octopode Assassin)                 Turns: 10136, Time: 00:26:24

Health: -2/69      AC:  1    Str: 11    XL:     10   Next: 63%
Magic:  14/14      EV: 17    Int: 13    God:    Gozag
Gold:   1096       SH:  0    Dex: 17    Spells: 9/9 levels left

rFire    . . .     SeeInvis .   b - +0 blowgun
rCold    . . .     Gourm    .   (no shield)
rNeg     . . .     Faith    .   (helmet restricted)
rPois    +         Spirit   .   (no amulet)
rElec    .         Reflect  .   g - ring of poison resistance
rCorr    .         Harm     .   (no ring)
MR       .....                  (no ring)
Stlth    +++++++...             (no ring)
HPRegen  0.21/turn              (no ring)
MPRegen  0.14/turn              (no ring)
                                (no ring)
                                (no ring)

@: no status effects
A: almost no armour, stealthy swim, amphibious, 8 rings, constrict 8, camouflage
1, gelatinous body 1
a: Potion Petition, Call Merchant, Bribe Branch, Renounce Religion


You were on level 9 of the Dungeon.
You worshipped Gozag.
Gozag was most pleased with you.
You were very hungry.

You visited 2 branches of the dungeon, and saw 11 of its levels.

You collected 1191 gold pieces.
You paid 95 gold pieces to Gozag.


Innate Abilities, Weirdness & Mutations

You cannot wear most types of armour.
You are very stealthy in the water. (Stealth+)
You are amphibious.
You can wear up to eight rings at the same time.
You can use your tentacles to constrict eight enemies at once.
Your skin changes colour to match your surroundings (Stealth+).
Your rubbery body absorbs attacks. (AC +1, EV +1)


   Skills:
 + Level 6.7 Fighting
 - Level 6.2 Short Blades
 + Level 2.1 Axes
 - Level 2.0 Throwing
 + Level 6.4 Dodging
 * Level 13.5 Stealth
 + Level 5.8 Evocations


You had 9 spell levels left.
You didn't know any spells.

Inventory:

Hand Weapons
 a - a +1 dagger of protection
 b - a +0 blowgun (weapon)
 w - a +2 halberd of venom
 x - a +1 dagger of speed
 H - the +3 war axe of Katt {drain, +Fly rF- rN+++ Dex-4}
   (You found it on level 9 of the Dungeon)

   A truly terrible weapon, it drains the life of those it strikes.
   It affects your dexterity (-4).
   It makes you vulnerable to fire.
   It renders you almost immune to negative energy.
   It lets you fly.
 J - a +2 scimitar of flaming
Missiles
 c - 39 poisoned needles (quivered)
 l - 4 tomahawks
Magical Staves
 k - an uncursed staff of wizardry {unknown}
Jewellery
 g - a ring of poison resistance (left tentacle)
Wands
 p - a wand of polymorph (11)
 y - a wand of clouds (1)
 C - a wand of flame (14)
 D - a wand of digging (16)
 G - a wand of iceblast (2)
Scrolls
 e - 4 scrolls of remove curse
 h - 2 scrolls of amnesia {unknown}
 i - 4 scrolls of teleportation
 j - a scroll of magic mapping
 n - a scroll of vulnerability {unknown}
 r - a scroll of enchant armour {unknown}
 t - a scroll of fog {unknown}
 u - 5 scrolls of fear {unknown}
 E - a scroll of identify
 F - a scroll of enchant weapon {unknown}
 I - a scroll of silence {unknown}
Potions
 m - a potion of agility
 o - 2 potions of lignification
 q - 5 potions of curing
 s - 2 potions of heal wounds
 v - 2 potions of brilliance
 z - a potion of cancellation {unknown}
 A - a potion of degeneration {unknown}
 B - 2 potions of mutation {unknown}
Comestibles
 f - 10 rations


Message History

The iceblast engulfs the two-headed ogre.
Aim: a two-headed ogre, wielding two giant clubs (lightly wounded)
You create a blast of poison gas!
The two-headed ogre is engulfed in poison gas.
The two-headed ogre is poisoned.
The two-headed ogre closely misses you. x2
The two-headed ogre is engulfed in poison gas.
The two-headed ogre looks even sicker.
The two-headed ogre hits you with a giant club!
The two-headed ogre hits you with a giant club!!
The two-headed ogre is engulfed in poison gas.
The two-headed ogre looks even sicker.
Aim: a two-headed ogre, wielding two giant clubs (poison gas, moderately wounded, poisoned)
You create a blast of freezing vapour!
The two-headed ogre is engulfed in poison gas.
The two-headed ogre looks as sick as possible!
The two-headed ogre is engulfed in freezing vapours.
The two-headed ogre hits you with a giant club!!
The two-headed ogre hits you with a giant club!
You die...
Your body crumbles into a pile of gold.

...##.# #.# #.........# ....#.#
#.# #.........# ..#...# #.#
###O.......## .##..##
####.###...........#
.##..#########........#.O...S<).#
..).###........##(#####.........#
.....[).)>#######§### #.........#
#.#.#.###.......O§§§# #.........#
.......###......@§§§# ##.......##
..#.##..###........§# ##.....##
...>###.###.........# #######
#..####...#......(..#
..............#..####
..............#.##
..<...............#
..............>...)..
.......................


You could see a two-headed ogre.

Vanquished Creatures
  A two-headed ogre (D:8)
  An efreet (D:9)
  Prince Ribbit (D:7)
  4 yaks
  A human (D:8)
  A hungry ghost (D:9)
  A water moccasin (D:9)
  Duvessa (D:7)
  An orc warrior (D:6)
  2 black bears (D:8)
  An ice beast (D:9)
  2 sky beasts
  3 ogres
  A phantom (D:9)
  2 centaurs (D:9)
  The ghost of Nib the Sneak, an amateur OpAs (D:3)
  2 bullfrogs
  Dowan (D:7)
  3 scorpions
  10 killer bees
  4 wights (D:7)
  2 crimson imps (D:5)
  7 hounds
  2 orc priests
  A centaur skeleton (D:7)
  6 iguanas
  6 worker ants
  11 orc wizards
  A howler monkey zombie (D:5)
  12 adders
  4 gnolls (D:3)
  An ooze (D:3)
  An adder zombie (D:6)
  2 worms
  2 dart slugs (D:2)
  3 leopard geckos
  43 orcs
  4 bats
  4 giant cockroaches
  6 goblins
  6 jackals (D:4)
  6 kobolds
  2 ball pythons
  3 frilled lizards
  A jackal skeleton (D:4)
  7 rats
187 creatures vanquished.

Notes
Turn   | Place    | Note
-------+----------+-------------------------------------------
     0 | D:1      | Nib the Octopode Assassin began the quest for the Orb.
     0 | D:1      | Reached XP level 1. HP: 14/14 MP: 1/1
     6 | D:1      | Noticed a komodo dragon
     6 | D:1      | Noticed a tyrant leech
     6 | D:1      | Noticed a soldier ant
     7 | D:1      | Noticed a centaur warrior
   424 | D:1      | Reached XP level 2. HP: 19/19 MP: 2/2
   823 | D:2      | Reached XP level 3. HP: 17/24 MP: 3/3
   939 | D:2      | Reached skill level 6 in Stealth
  1138 | D:2      | Found a sacrificial altar of Ru.
  1352 | D:2      | Found a burning altar of Makhleb.
  1455 | D:2      | Found a glowing silver altar of Zin.
  1459 | D:2      | Found an iron altar of Okawaru.
  1464 | D:2      | Reached XP level 4. HP: 30/30 MP: 4/4
  1559 | D:3      | Found a basalt altar of Yredelemnul.
  1698 | D:3      | Noticed Nib's ghost (amateur OpAs)
  1866 | D:3      | Reached XP level 5. HP: 27/36 MP: 5/5
  2171 | D:3      | Reached skill level 7 in Stealth
  2561 | D:3      | Killed Nib's ghost
  2561 | D:3      | Reached skill level 3 in Fighting
  2561 | D:3      | Reached skill level 3 in Short Blades
  2561 | D:3      | Reached XP level 6. HP: 40/42 MP: 6/6
  3193 | D:4      | Reached skill level 8 in Stealth
  3425 | D:4      | Reached skill level 3 in Dodging
  3545 | D:4      | Reached XP level 7. HP: 35/47 MP: 7/7
  3886 | D:4      | HP: 8/47 [acid (8)]
  4269 | D:5      | Entered Level 5 of the Dungeon
  4644 | D:5      | Reached skill level 9 in Stealth
  4730 | D:6      | Reached skill level 1 in Evocations
  5216 | D:6      | Found a stormy altar of Qazlal.
  5356 | D:5      | HP: 6/48 [bullfrog (9)]
  5356 | D:5      | HP: 1/48 [orc wizard/puff of flame (5)]
  5363 | D:5      | Reached XP level 8. HP: 27/54 MP: 7/9
  5758 | D:6      | Found a staircase to the Ecumenical Temple.
  5772 | Temple   | Entered the Ecumenical Temple
  5778 | Temple   | Became a worshipper of Gozag Ym Sagoz the Greedy
  6205 | D:7      | Noticed Duvessa
  6214 | D:7      | Noticed Dowan
  6220 | D:7      | Killed Duvessa
  6220 | D:7      | Reached skill level 10 in Stealth
  6222 | D:7      | Killed Dowan
  6471 | D:7      | Reached skill level 3 in Evocations
  6569 | D:7      | HP: 13/55 [killer bee (4)]
  6643 | D:7      | HP: 6/55 [orc wizard/magic dart (8)]
  6646 | D:7      | Reached XP level 9. HP: 13/61 MP: 11/11
  6954 | D:7      | Reached skill level 11 in Stealth
  7140 | D:7      | Noticed Prince Ribbit
  7147 | D:7      | Killed Prince Ribbit
  7608 | D:8      | Noticed a two-headed ogre
  7658 | D:8      | Killed a two-headed ogre
  7658 | D:8      | Reached skill level 12 in Stealth
  7934 | D:8      | Found a bloodstained altar of Trog.
  7988 | D:8      | HP: 13/62 [sky beast (6)]
  8273 | D:8      | Reached skill level 6 in Fighting
  8273 | D:8      | Reached skill level 6 in Short Blades
  8539 | D:8      | Noticed Totori's ghost (journeyman HuFi)
  8608 | D:8      | Reached XP level 10. HP: 68/68 MP: 13/13
  8911 | D:9      | Noticed a two-headed ogre
  8981 | D:9      | Got an ichor-stained war axe
  8982 | D:9      | Identified the +3 war axe of Katt {drain, +Fly rF- rN+++ Dex-4} (You found it on level 9 of the Dungeon)
  9041 | D:9      | Reached skill level 6 in Dodging
  9042 | D:9      | HP: 13/68 [killer bee (9)]
  9347 | D:9      | Reached skill level 13 in Stealth
  9372 | D:9      | Reached skill level 1 in Axes
  9391 | D:10     | Entered Level 10 of the Dungeon
  9793 | D:9      | Found a staircase to the Lair.
 10136 | D:9      | HP: 14/69 [two-headed ogre/giant club (24)]
 10136 | D:9      | Slain by a two-headed ogre

Vault maps used:
D:1:      onia_arrival_zoo_common
D:2:      lemuel_crystal_altar, grunt_temple_overflow_open,
          nicolae_ru_awakened_eye
D:3:      yredelemnul_altar_generic
D:4:      first_ration
D:5:      minmay_liquid_box
D:6:      nicolae_qazlal_eye_of_the_storm, minmay_temple_entry_water_ring,
          grunt_ministairs_6
D:7:      uniq_duvessa, uniq_prince_ribbit1
D:8:      trog_ov_bears_minmay, grunt_pizzeria
D:9:      lair_entry_dummy
D:10:     serial_shops, nicolae_shop_crystal
Temple:   kb_temple_of_zot

Action                   |  1- 3 |  4- 6 |  7- 9 | 10-12 || total
-------------------------+-------+-------+-------+-------++-------
Melee: Dagger            |    44 |   147 |   326 |    31 ||   548
       Constrict         |    11 |    26 |    45 |    11 ||    93
       Tentacles         |     7 |    27 |    69 |    18 ||   121
       War axe           |       |       |       |    62 ||    62
 Fire: Blowgun           |       |     4 |    24 |     1 ||    29
Throw: Tomahawk          |       |       |    12 |    19 ||    31
Evoke: Wand              |       |       |    14 |    13 ||    27
  Use: Scroll            |       |     3 |     6 |       ||     9
       Potion            |       |       |     8 |     1 ||     9
 Stab: Sleeping          |    13 |    18 |    15 |     2 ||    48
       Distracted        |       |       |     2 |       ||     2
       Confused          |       |       |       |     1 ||     1
  Eat: Chunk             |     2 |     6 |     6 |       ||    14
       Ration            |       |       |     3 |     2 ||     5
Armor: Skin              |     2 |    31 |    91 |     3 ||   127
Dodge: Dodged            |    18 |    71 |   176 |    86 ||   351
